 Dungeon Crawl Stone Soup version 0.30.0-19-g36f170ea60 (webtiles) character file.

Game seed: 15787870890433848961

5576 Irreverend the Thaumaturge (level 11, -4/129 HPs)
             Began as a Djinni Fire Elementalist on June 1, 2023.
             Was a Believer of Makhleb.
             Slain by a vampire mosquito (8 damage)
             ... on level 12 of the Dungeon.
             The game lasted 00:20:22 (8097 turns).

Irreverend the Thaumaturge (DjFE)                   Turns: 8097, Time: 00:20:23

Health: -4/129     AC: 38    Str: 11    XL:     11   Next: 2%
Gold:   481        EV:  2    Int: 22    God:    Makhleb [**....] SH:  0 Dex: 15

rFire   . . .        (no weapon)
rCold   . . .        (no shield)
rNeg    + . .        a - melded +0 robe
rPois   ∞            l - melded +1 helmet
rElec   .            d - melded scarf {rC+ rF+}
rCorr   .            (gloves currently unavailable)
SInv    .            (boots unavailable)
Will    +....        w - amulet of Xom, Slashing {Acrobat rPois rN+ Str+4 Stlth-}
Stlth   ++           p - +5 ring of evasion
HPRegen 0.41/turn    q - +4 ring of protection
MPRegen 0.00/turn

%: acrobat, infuse magic (-5 HP)
@: mighty, brilliant, ice-armoured, tree-form, attractive
A: stationary, stasis, torment immunity, boosted hp, sickness immunity, (fire
resistance 2), (cold vulnerability 1), float, innate caster, HP casting, extra
vitality 1, thin skeletal structure 1, robust 1
a: Renounce Religion, Minor Destruction


You were on level 12 of the Dungeon.
You worshipped Makhleb.
Makhleb was pleased with you.
You were a tree.
You visited 2 branches of the dungeon, and saw 11 of its levels.

You collected 481 gold pieces.

Inventory:

Hand Weapons
 B - a +2 quarterstaff of chaos
Armour
 a - a +0 robe (melded)
 d - a scarf of resistance (melded)
 l - a +1 helmet (melded)
Jewellery
 p - a +5 ring of evasion (left branch)
 q - a +4 ring of protection (right branch)
 w - the amulet of Xom, Slashing (around neck) {Acrobat rPois rN+ Str+4 Stlth-}
   (You found it on level 6 of the Dungeon)

   [amulet of the acrobat]

   It increases your evasion while moving and waiting.
   Str:       It affects your strength (+4).
   rPois:     It protects you from poison.
   rN:        It protects you from negative energy.
   Stlth:     It makes you less stealthy.
Wands
 t - a wand of flame (22)
 x - a wand of light (3)
 D - a wand of polymorph (6)
Scrolls
 c - a scroll of enchant weapon {unknown}
 e - 5 scrolls of teleportation {unknown}
 j - a scroll of brand weapon {unknown}
 k - 7 scrolls of identify {unknown}
 o - a scroll of fear {unknown}
 u - a scroll of noise {unknown}
 y - a scroll of magic mapping {unknown}
Potions
 b - a potion of attraction
 f - 2 potions of magic
 g - a potion of brilliance
 h - 2 potions of flight
 i - 2 potions of curing
 m - 2 potions of might
 n - 2 potions of mutation
 s - a potion of berserk rage {unknown}
 v - a potion of invisibility {unknown}
 z - a potion of degeneration {unknown}
 A - a potion of ambrosia {unknown}
 C - a potion of heal wounds {unknown}


   Skills:
 + Level 7.6 Fighting
 + Level 8.8 Dodging
 - Level 1.5 Stealth
 * Level 8.9 Spellcasting
 + Level 1.9 Invocations


You knew the following spells:

 Your Spells              Type           Power      Damage    Failure   Level
a - Foxfire               Conj/Fire      100%       2x1d9     1%          1
b - Scorch                Fire           100%       2d9       1%          2
c - Volatile Blastmotes   Fire/Tloc      100%       2d18      1%          3
d - Inner Flame           Hex/Fire       65%        N/A       1%          3
e - Flame Wave            Conj/Fire      65%        2d15      1%          4
f - Beastly Appendage     Tmut           100%       N/A       1%          1
g - Ensorcelled Hibernat  Hex/Ice        100%       N/A       1%          2
h - Ozocubu's Armour      Ice            65%        N/A       1%          3
i - Portal Projectile     Hex/Tloc       100%       N/A       1%          3
j - Metabolic Englaciati  Hex/Ice        32%        N/A       4%          5
Your spell library was empty.

Dungeon Overview and Level Annotations

Branches:
Dungeon (12/15)            Temple (1/1) D:6            Lair (0/5) D:8
    Orc: D:9-12

Altars:
Ashenzari
Cheibriados
Dithmenos
Elyvilon
Hepliaklqana
Makhleb
Nemelex Xobeh
Okawaru
Qazlal
Ru
Trog
Uskayaw
Wu Jian
Yredelemnul
Zin

Shops:
D:2 (   D:5 *((

Annotations:
D:5 1 runed translucent door
Temple 2 transporters


Innate Abilities, Weirdness & Mutations

You are a tree.
Your roots penetrate the ground, keeping you stationary.
You cannot be teleported.
You are immune to unholy pain and torment.
Your maximum health is greatly increased.
Your equipment is partially melded.
You are immune to sickness and miasma.
You are immune to poison.
((Your flesh is very heat resistant. (rF++)))
((You are vulnerable to cold. (rC-)))
You float through the air rather than walking.
You learn spells naturally, not from books.
Your magical power is your life essence.
You have superior vitality. (+4 MHP)
You have a somewhat thin skeletal structure. (Dex +2, Stealth+)
You are robust. (+10% HP)


Message History

The vampire mosquito closely misses you. x2
The vampire mosquito completely misses you.
The vampire mosquito barely misses you.
It was a potion of brilliance.
You feel clever all of a sudden.
The vampire mosquito completely misses you.
The vampire mosquito barely misses you. The vampire mosquito misses you.
It was a potion of lignification.
You turn into a tree.
Your scarf of resistance melds into your body.
Your +1 helmet melds into your body.
Your +0 robe melds into your body.
You feel hot and cold all over.
Your roots penetrate the ground.
The vampire mosquito barely misses you.
The vampire mosquito bites you but does no damage. x3
You barely miss the vampire mosquito.
The vampire mosquito is moderately damaged.
The vampire mosquito bites you but does no damage. x3
The vampire mosquito bites you.
* * * LOW HITPOINT WARNING * * *
You barely miss the vampire mosquito. You punch the vampire mosquito.
The vampire mosquito is heavily damaged.
The vampire mosquito is no longer moving slowly.
The vampire mosquito bites you but does no damage. x4
The vampire mosquito barely misses you.
You smack the vampire mosquito!
You destroy the vampire mosquito!
Makhleb accepts your kill. The vampire mosquito bites you.
* * * LOW HITPOINT WARNING * * *
The vampire mosquito bites you.
* * * LOW HITPOINT WARNING * * *
The vampire mosquito bites you but does no damage.
The vampire mosquito barely misses you.
You barely miss the centaur warrior.
The centaur warrior is severely wounded.
The vampire mosquito bites you but does no damage.
The centaur warrior unwields a +3 shortbow.
The centaur warrior hits you but does no damage.
The centaur warrior kicks you but does no damage.
The vampire mosquito bites you!
You die...

#. ###. #.. #.#
.######## #####.####
........####.>......#
.######.............#
######....♣...#
#.^.ycy..# #........#
#...†....# ##.†.#####
###.# ?.. .....
....$..


You could see a centaur warrior (inner flame) and 2 vampire mosquitoes.

Vanquished Creatures
  Maggie (D:7)
  The ghost of hamfred the Insei, a novice MfTm (D:5)
  Grinder (D:4)
  5 yaks (D:8)
  Edmund (D:6)
  5 vampire mosquitoes (D:12)
  A black bear (D:6)
  2 orc warriors
  2 ice beasts (D:5)
  2 ogres
  A sky beast (D:7)
  3 centaurs (D:8)
  A phantom (D:5)
  A kobold brigand (D:7)
  5 bullfrogs
  3 scorpions
  13 wights
  6 killer bees
  3 howler monkeys (D:7)
  3 electric eels (D:6)
  3 jellies
  An orc priest (D:4)
  Crazy Yiuf (D:6)
  2 hounds
  2 iguanas
  4 orc wizards
  4 gnolls (D:4)
  6 adders
  2 river rats (D:5)
  A shadow imp (D:5)
  A white imp (D:5)
  2 ufetubi (D:6)
  3 worms
  2 dart slugs
  34 orcs
  4 bats
  4 endoplasms
  2 giant cockroaches
  5 goblins
  8 hobgoblins
  10 jackals
  3 quokkas
  8 ball pythons
  8 frilled lizards
  9 kobolds
  10 rats
199 creatures vanquished.

Vanquished Creatures (collateral kills)
  A foxfire (D:6)
1 creature vanquished.

Vanquished Creatures (others)
  870 foxfires
870 creatures vanquished.

Grand Total: 1070 creatures vanquished

Notes
Turn   | Place    | Note
-------+----------+-------------------------------------------
     0 | D:1      | Irreverend the Djinni Fire Elementalist began the quest for
                  | the Orb.
     0 | D:1      | Irreverend set off with the following spells memorised:
                  | Foxfire, Scorch, Volatile Blastmotes, Inner Flame, Flame
                  | Wave.
     0 | D:1      | Reached XP level 1. HP: 15/15 MP: 0/0
   210 | D:1      | Reached XP level 2. HP: 18/21 MP: 0/0
   486 | D:1      | Reached XP level 3. HP: 16/25 MP: 0/0
   486 | D:1      | Learned a level 1 spell: Beastly Appendage
  1170 | D:2      | Found Eraqirph's Weapon Emporium.
  1229 | D:2      | Reached XP level 4. HP: 28/31 MP: 0/0
  1278 | D:2      | Reached skill level 1 in Fighting
  1782 | D:3      | Reached XP level 5. HP: 31/37 MP: 0/0
  1782 | D:3      | Learned a level 2 spell: Ensorcelled Hibernation
  1858 | D:3      | Found a white marble altar of Elyvilon.
  2209 | D:3      | Found a snail-covered altar of Cheibriados.
  2209 | D:3      | Found a bloodstained altar of Trog.
  2209 | D:3      | Found a broken altar of Ashenzari.
  2280 | D:3      | Found an ornate altar of the Wu Jian Council.
  2614 | D:4      | Found a shadowy altar of Dithmenos.
  2662 | D:4      | Noticed Grinder
  2696 | D:4      | Killed Grinder
  2697 | D:4      | Reached XP level 6. HP: 30/45 MP: 0/0
  2921 | D:4      | Reached XP level 7. HP: 47/49 MP: 0/0
  2921 | D:4      | Learned a level 3 spell: Ozocubu's Armour
  3503 | D:5      | Entered Level 5 of the Dungeon
  3572 | D:5      | Found Qiwegyor's Assorted Antiques.
  3588 | D:5      | Found Wuutyw Gyme's Antique Weapon Emporium.
  3631 | D:5      | Reached skill level 5 in Spellcasting
  3699 | D:5      | Reached skill level 5 in Dodging
  3699 | D:5      | Reached XP level 8. HP: 53/58 MP: 0/0
  3727 | D:5      | Found a glowing silver altar of Zin.
  3894 | D:5      | Found a runed translucent door.
  3906 | D:5      | Noticed hamfred's ghost (novice MfTm)
  4005 | D:5      | Killed hamfred's ghost
  4148 | D:5      | Found a runed translucent door.
  4220 | D:5      | Found Pekuganni's Antique Weapon Shoppe.
  4396 | D:5      | Reached XP level 9. HP: 61/64 MP: 0/0
  4396 | D:5      | Learned a level 3 spell: Portal Projectile
  4541 | D:6      | Found a staircase to the Ecumenical Temple.
  4588 | D:6      | Reached skill level 5 in Fighting
  4590 | Temple   | Entered the Ecumenical Temple
  4590 | Temple   | Found a transporter.
  4590 | Temple   | Found a transporter.
  4611 | Temple   | Found a transporter.
  4611 | Temple   | Found a transporter.
  4626 | Temple   | Became a worshipper of Makhleb the Destroyer
  4908 | D:6      | Found a runed translucent door.
  4909 | D:6      | Noticed Crazy Yiuf
  4969 | D:6      | Identified the +2 long sword "Kikhluucha" {antimagic,
                  | Str+4}
  5052 | D:6      | Identified the amulet of Xom, Slashing {Acrobat rPois rN+
                  | Str+4 Stlth-}
  5234 | D:6      | Noticed Edmund
  5247 | D:6      | Killed Edmund
  5609 | D:6      | Killed Crazy Yiuf
  5709 | D:7      | Noticed a +0 dagger
  5709 | D:7      | Noticed a +0 hand axe
  5718 | D:6      | Reached * piety under Makhleb
  6143 | D:7      | Reached XP level 10. HP: 40/72 MP: 0/0
  6266 | D:7      | Found a hide-covered altar of Uskayaw.
  6509 | D:7      | Noticed Maggie
  6520 | D:7      | Killed Maggie
  7148 | D:8      | Reached ** piety under Makhleb
  7634 | D:8      | Reached skill level 1 in Invocations
  7687 | D:8      | Found a staircase to the Lair.
  8041 | D:9      | You are sucked into a shaft and drop 3 floors!
  8059 | D:12     | Noticed a centaur warrior
  8080 | D:12     | Reached XP level 11. HP: 33/79 MP: 0/0
  8080 | D:12     | Learned a level 5 spell: Metabolic Englaciation
  8090 | D:12     | Gained mutation: You have a somewhat thin skeletal
                  | structure. (Dex +2, Stealth+) [potion of mutation]
  8090 | D:12     | Gained mutation: You are robust. (+10% HP) [potion of
                  | mutation]
  8096 | D:12     | HP: 4/129 [vampire mosquito (4)]
  8097 | D:12     | Slain by a vampire mosquito

Illustrated notes

Levels and vault maps discovered:
D:1:      tekkud_arrival_beachfront_property, layout_basic,
          supply_closet_lemuel, minmay_misc_feat_roman, minmay_misc_feat_alley
D:2:      layout_rooms, serial_shops, nicolae_shop_trees
D:3:      layout_basic, gammafunk_temple_overflow_claw,
          mainiacjoe_overflow_big_doors
D:4:      layout_basic, lemuel_doored_altar, serial_glass, glass_columns_b,
          glass_columns_b, uniq_grinder
D:5:      layout_loops_cross, zin_treasury, ebering_ghost_sewer_f, serial_shops,
          nicolae_shop_pleasant_corner_grove, nicolae_shop_tiny_waterfront,
          shop, grunt_ministairs_13
D:6:      layout_gridville, minmay_temple_entry_offerings, chequers_big_river,
          serial_park_tiny_1, hangedman_decor_clover_reticule,
          uniq_crazy_yiuf_cottage, uniq_edmund
D:7:      layout_basic, dancing_weapons_uskayaw, chequers_serial_rivers_micro_a,
          uniq_maggie
D:8:      layout_cave_pools, dpeg_oklobed_lair, serial_column_ruins,
          column_ruins_hut_ruined, column_ruins_open_small,
          column_ruins_corridor_corner, column_ruins_grid_3,
          column_ruins_open_large, column_ruins_columns_T, column_ruins_grid_2,
          column_ruins_open_tiny, kb_lookout_dungeons_type,
          hangedman_abyss_or_decor_jellyfish_corner, st_stairs_3
D:9:      layout_irregular_city, enter_bailey_2, laboratory
D:12:     layout_roguey, gauntlet_entry_generic, uniq_psyche
Temple:   hellmonk_temple_divided_pantheon

Skill      XL: |  1  2  3  4  5  6  7  8  9 10 |
---------------+-------------------------------+-----
Spellcasting   | 3 4 5 6 7 8 |  8.9
Dodging        | 3 4 5 6 7 8 |  8.8
Fighting       | 1 2 3 4 6 7 |  7.6
Invocations    | 1 |  1.9
Stealth        | |  1.5

Action                     |  1- 3 |  4- 6 |  7- 9 | 10-12 || total
---------------------------+-------+-------+-------+-------++-------
  Melee: Unarmed           |     1 |       |       |     4 ||     5
         Punch             |       |       |       |     1 ||     1
   Cast: Foxfire           |    82 |   108 |   204 |   132 ||   526
         Scorch            |    10 |    17 |    39 |    12 ||    78
         Inner Flame       |       |       |     3 |     8 ||    11
         Volatile Blastmot |       |       |     3 |     6 ||     9
         Ozocubu's Armour  |       |       |     3 |     1 ||     4
         Ensorcelled Hiber |       |       |     1 |       ||     1
         Metabolic Englaci |       |       |       |     1 ||     1
  Evoke: Wand              |       |       |     1 |       ||     1
    Use: Potion            |       |       |       |     9 ||     9
 Armour: Robe              |       |     6 |    15 |    10 ||    31
         Skin              |       |       |       |    14 ||    14
  Dodge: Dodged            |     3 |     8 |    66 |    94 ||   171
